 Dungeon Crawl Stone Soup version 0.30-a0-297-g0ec75d9ef4 (webtiles) character file.

Game seed: 11905635578593180571

1530 NinjaNoafa the Slasher (level 8, -1/60 HPs)
             Began as a Merfolk Gladiator on Oct 19, 2022.
             Killed from afar by Maggie (18 damage)
             ... with a bolt of fire
             ... on level 6 of the Dungeon.
             The game lasted 00:12:17 (6025 turns).

NinjaNoafa the Slasher (Merfolk Gladiator)          Turns: 6025, Time: 00:12:18

Health: -1/60      AC: 10    Str: 14    XL:     8   Next: 85%
Magic:  8/8        EV:  8    Int: 18    God:
Gold:   361        SH:  0    Dex: 18    Spells: 7/7 levels left

rFire   . . .      SeeInvis .    m - +1 long sword
rCold   x . .      Faith    .    (no shield)
rNeg    . . .      Spirit   .    a - +5 chain mail of Guyrgh {rC- Int+5 Slay+4}
rPois   .          Reflect  .    c - +0 helmet
rElec   .          Harm     .    (no cloak)
rCorr   .          Rampage  .    k - +0 pair of gloves
Will    .....                    f - +0 pair of boots
Stlth   ..........               (no amulet)
HPRegen 0.30/turn                s - +6 ring of intelligence
MPRegen 0.11/turn                (no ring)

@: corroded, mesmerised
A: (nimble swimmer 2), mertail
a: no special abilities


You were on level 6 of the Dungeon.
You visited 1 branch of the dungeon, and saw 6 of its levels.
You also visited: Ossuary.

You collected 361 gold pieces.

Inventory:

Hand Weapons
 m - a +1 long sword (weapon)
Missiles
 d - 3 throwing nets
 e - a javelin (quivered)
 g - 89 stones
 n - 5 curare-tipped darts
Armour
 a - the +5 chain mail of Guyrgh (worn) {rC- Int+5 Slay+4}
   (You acquired it on level 3 of the Dungeon)

   Int:       It affects your intelligence (+5).
   Slay:      It affects your accuracy & damage with ranged weapons and melee
   (+4).
   rC:        It makes you vulnerable to cold.
 c - a +0 helmet (worn)
 f - a +0 pair of boots (worn)
 k - a +0 pair of gloves (worn)
Jewellery
 s - a +6 ring of intelligence (left hand)
Wands
 b - a wand of flame (9)
 H - a wand of acid (4)
Scrolls
 j - 2 scrolls of poison
 l - 2 scrolls of amnesia
 u - 2 scrolls of immolation
 v - 4 scrolls of noise
 y - 2 scrolls of teleportation
 B - a scroll of fear
 E - a scroll of fog
Potions
 h - a potion of attraction
 i - 2 potions of resistance
 o - 2 potions of haste
 p - 5 potions of curing
 r - 2 potions of flight
 t - 2 potions of brilliance
 w - 5 potions of degeneration
 x - a potion of might
 z - a potion of ambrosia
 A - a potion of magic {unknown}
 F - a potion of berserk rage {unknown}


   Skills:
 + Level 4.3 Fighting
 - Level 5.5(7.1) Short Blades
 + Level 6.9(7.8) Long Blades
 - Level 2.0 Throwing
 - Level 5.0 Armour
 - Level 4.0 Dodging
 - Level 3.0 Evocations


You had 7 spell levels left.
You didn't know any spells.
Your spell library contained the following spells:

 Spells                   Type           Power      Damage    Failure   Level
 Beastly Appendage        Tmut           0%         N/A       99%         1
 Sting                    Tmut/Pois      0%         1d3       99%         1
 Summon Small Mammal      Summ           0%         N/A       99%         1
 Blink                    Tloc           0%         N/A       100%        2
 Momentum Strike          Conj/Tloc      0%         3d8       100%        2
 Poisonous Vapours        Pois/Air       0%         N/A       100%        2
 Wereblood                Tmut           0%         N/A       100%        2
 Call Canine Familiar     Summ           0%         N/A       100%        3
 Lesser Beckoning         Tloc           0%         N/A       100%        3
 Spider Form              Tmut/Pois      0%         N/A       100%        3
 Summon Guardian Golem    Hex/Summ       0%         N/A       100%        3
 Olgreb's Toxic Radiance  Pois           0%         N/A       100%        4


Dungeon Overview and Level Annotations

Branches:
Dungeon (6/15)             Temple (0/1) D:6         Ossuary (visited)

Altars:
Trog

Shops:
D:2 *

Annotations:
D:6 Maggie


Innate Abilities, Weirdness & Mutations

((You are very nimble when in or above water. (Stealth+, EV+, Speed+++)))
Your lower body shifts to a powerful aquatic tail in water.


Message History

It was a potion of ambrosia.
You are confused.
You feel invigorated.
Maggie hits you with a +2 broad axe of flaming!
Maggie burns you.
* * * LOW HITPOINT WARNING * * *
You bump into the rock wall.
Maggie mumbles the words to a spell, but in the wrong order.
Maggie closely misses you.
You bump into the rock wall.
You break out of your daze.
Maggie casts a spell.
Maggie attempts to bespell you! You resist.
You bump into the rock wall.
Maggie barely misses you.
You hit Maggie but do no damage.
Maggie is heavily wounded.
Maggie gestures at you while chanting. The bolt of fire hits you!
You miss Maggie.
Maggie is heavily wounded.
You feel less invigorated.
You feel less confused.
Maggie casts a spell.
Maggie attempts to bespell you!
You are mesmerised by Maggie!
You hit Maggie.
Maggie is severely wounded.
Maggie gestures wildly while chanting.
Maggie draws you further into her thrall.
You hit Maggie.
Maggie is severely wounded.
Maggie says, "Have you seen any dragons?"
Maggie gestures at you while chanting. The bolt of fire hits you!
* * * LOW HITPOINT WARNING * * *
You hit Maggie.
Maggie is severely wounded.
Maggie points at you and mumbles some strange words.
The bolt of fire hits you!!
You die...

### #.# ..# #.#
..# #.# ..# #.#
..# #.# ..# #.#
..## #@# ...## #@#
....# #.# ##.####
#######.#
#...#P####.......#
..>......#.#######
#...#P##...#
##.#####.###
....####.#
.......#.#


You could see Maggie (mesmerising).

Vanquished Creatures
  Menkaure (D:6)
  Duvessa (D:6)
  2 black bears
  A sky beast (D:6)
  Blork the orc (D:6)
  A necrophage (D:6)
  2 scorpions (D:5)
  Dowan (D:6)
  A howler monkey (D:5)
  A centaur zombie (Ossuary)
  A human zombie (Ossuary)
  3 hounds
  3 orc priests
  2 jellies (D:5)
  An iguana (D:5)
  Ijyb (D:3)
  An orc wizard (D:5)
  3 mummies (Ossuary)
  Robin (D:3)
  6 adders
  4 gnolls (D:5)
  A shadow imp (D:5)
  A white imp (D:6)
  A worm (D:5)
  29 orcs
  2 endoplasms
  5 giant cockroaches
  A gnoll zombie (Ossuary)
  22 goblins
  11 hobgoblins
  4 jackals (D:4)
  15 kobolds
  7 quokkas
  4 ball pythons
  5 bats
  3 frilled lizards
  2 goblin zombies (Ossuary)
  2 kobold zombies (Ossuary)
  An orc zombie (Ossuary)
  5 rats
159 creatures vanquished.

Vanquished Creatures (others)
  5 plants (D:6)
5 creatures vanquished.

Grand Total: 164 creatures vanquished

Notes
Turn   | Place    | Note
-------+----------+-------------------------------------------
     0 | D:1      | NinjaNoafa the Merfolk Gladiator began the quest for the
                  | Orb.
     0 | D:1      | Reached XP level 1. HP: 16/16 MP: 1/1
   267 | D:1      | Reached XP level 2. HP: 22/22 MP: 2/2
   651 | D:2      | Reached skill level 5 in Short Blades
   651 | D:2      | Reached XP level 3. HP: 27/27 MP: 3/3
  1434 | D:2      | Found Oluop's General Store.
  1622 | D:3      | Noticed Robin
  1733 | D:3      | Noticed Ijyb
  1737 | D:3      | Identified a scroll of acquirement
  1737 | D:3      | Acquired the +5 chain mail of Guyrgh {rC- Int+5 Slay+4}
  1753 | D:3      | Reached skill level 1 in Long Blades
  1800 | D:3      | Reached XP level 4. HP: 27/33 MP: 4/4
  1801 | D:3      | Killed Robin
  2091 | D:3      | Reached skill level 2 in Long Blades
  2379 | D:3      | Reached skill level 1 in Armour
  2384 | D:3      | Reached XP level 5. HP: 31/38 MP: 5/5
  2486 | D:3      | Killed Ijyb
  2487 | D:3      | Reached skill level 3 in Long Blades
  2816 | D:4      | Noticed a black bear
  2823 | D:4      | Killed a black bear
  2824 | D:4      | Reached XP level 6. HP: 39/44 MP: 6/6
  3017 | D:4      | Reached skill level 4 in Long Blades
  3074 | D:4      | Found a bloodstained altar of Trog.
  3489 | D:5      | Entered Level 5 of the Dungeon
  3491 | D:5      | Noticed a black bear
  3502 | D:5      | Killed a black bear
  3511 | D:5      | Reached skill level 5 in Long Blades
  3511 | D:5      | Reached XP level 7. HP: 45/50 MP: 7/7
  3740 | D:5      | Found a sand-covered staircase.
  3749 | Ossuary  | Entered an ossuary
  4950 | D:5      | Reached XP level 8. HP: 56/56 MP: 8/8
  5310 | D:6      | Noticed Menkaure
  5316 | D:6      | Killed Menkaure
  5317 | D:6      | Reached skill level 5 in Armour
  5488 | D:6      | Noticed Dowan
  5493 | D:6      | Reached skill level 1 in Evocations
  5498 | D:6      | Killed Dowan
  5499 | D:6      | Noticed Duvessa
  5513 | D:6      | Killed Duvessa
  5514 | D:6      | Reached skill level 6 in Long Blades
  5578 | D:6      | Noticed Blork the orc
  5592 | D:6      | Killed Blork the orc
  5968 | D:6      | Found a staircase to the Ecumenical Temple.
  6002 | D:6      | Noticed Maggie
  6025 | D:6      | Killed from afar by Maggie

Illustrated notes

Levels and vault maps discovered:
D:1:      lemuel_arrival_funnel, layout_basic
D:2:      layout_loops_corners, serial_shops, shop,
          chequers_serial_rivers_small_a, minmay_misc_feat_plants
D:3:      layout_basic, minmay_circle_x, uniq_robin, uniq_ijyb
D:4:      layout_basic, trog_three_pillars_becter
D:5:      corexii_shantytown, layout_basic,
          nicolae_ossuary_entry_false_entrances, hangedman_abyss_or_decor_slice,
          kennysheep_generic_room_3
D:6:      nicolae_cairo_tiling_large_dashed, layout_basic,
          minmay_temple_entry_gardened_gates, biasface_ghost_orc_armoury,
          minmay_misc_feat_pillars, uniq_duvessa, uniq_maggie,
          uniq_blork_the_orc, uniq_menkaure, uniq_crazy_yiuf_cottage

Skill      XL: |  1  2  3  4  5  6  7  8 |
---------------+-------------------------+-----
Short Blades   | 4 5 |  5.5
Long Blades    | 1 2 3 5 6 |  6.9
Armour         | 1 2 3 4 5 |  5.0
Fighting       | 4 |  4.3
Evocations     | 3 |  3.0
Throwing       | |  2.0
Dodging        | |  4.0

Action                   |  1- 3 |  4- 6 |  7- 9 || total
-------------------------+-------+-------+-------++-------
Melee: Rapier            |    99 |       |       ||    99
       Punch             |     2 |     1 |     3 ||     6
       Long sword        |    23 |   108 |   218 ||   349
Throw: Javelin           |       |     3 |    10 ||    13
       Boomerang         |       |     1 |     3 ||     4
       Dart              |       |       |     2 ||     2
       Throwing net      |       |       |     2 ||     2
Evoke: Wand              |       |       |    10 ||    10
  Use: Scroll            |     2 |     6 |     9 ||    17
       Potion            |     1 |     2 |     4 ||     7
Armor: Leather armour    |    48 |       |       ||    48
       Chain mail        |     3 |   147 |   163 ||   313
       Skin              |       |       |    14 ||    14
Dodge: Dodged            |    80 |    60 |    90 ||   230

Table legend: (Time is in decaauts)
 A = Elapsed time spent in this place.
 B = Non-inter-level travel time spent in this place.
 C = Inter-level travel time spent in this place.
 D = Time resting spent in this place.
 E = Time spent auto-exploring this place.
 F = Levels seen in this place.
 G = Mean time per level.
                   A        B        C        D        E       F      G
               +--------+--------+--------+--------+--------+-----+--------+
         Total |   6060 |   5856 |    204 |      0 |   4623 |   7 |  865.7 |
       Dungeon |   5774 |   5570 |    204 |      0 |   4445 |   6 |  962.3 |
       Ossuary |    285 |    285 |      0 |      0 |    178 |   1 |  285.0 |
               +--------+--------+--------+--------+--------+-----+--------+

Top non-repeatable levels by time:
     D:5: 1547 daAuts
     D:3: 1053 daAuts
     D:2: 1025 daAuts
     D:4: 810 daAuts
     D:6: 717 daAuts
     D:1: 621 daAuts
 Ossuary: 285 daAuts
